 Dungeon Crawl Stone Soup version 0.31-a0-1405-g2bb1a01664 (webtiles) character file.

Game seed: 15836747155925558122

218 porpoise the Shooter (level 5, -3/45 (47) HPs)
             Began as a Minotaur Hunter on Dec 26, 2023.
             Slain by a mummy (12 damage)
             ... in an ossuary.
             The game lasted 00:06:13 (2805 turns).

porpoise the Shooter (Minotaur Hunter)              Turns: 2805, Time: 00:06:14

HP:   -3/45 (47)    AC:  6    Str: 16    XL:     5   Next: 63%
MP:   4/4           EV: 11    Int:  6    God:
Gold: 152           SH:  0    Dex: 15    Spells: 4/4 levels left

rFire   . . .        a - +0 shortbow
rCold   . . .        (shield currently unavailable)
rNeg    . . .        r - +0 ring mail
rPois   .            (helmet restricted)
rElec   .            (no cloak)
rCorr   .            e - +0 pair of gloves
SInv    .            (no boots)
Will    .....        (no amulet)
Stlth   +            (no ring)
HPRegen 0.27/turn    (no ring)
MPRegen 0.09/turn

%: no passive effects
@: marked, lightly drained
A: horns 2, retaliatory headbutt
a: no special abilities


You were in an ossuary.
You visited 1 branch of the dungeon, and saw 4 of its levels.
You also visited: Ossuary.

You collected 152 gold pieces.

Inventory:

Hand Weapons
 a - a +0 shortbow (weapon)
 b - a +0 dagger of draining
Missiles
 c - 2 boomerangs
Armour
 e - a +0 pair of gloves (worn)
 r - a +0 ring mail (worn)
Scrolls
 n - a scroll of fog
 o - a scroll of teleportation
 q - a scroll of noise {unknown}
 s - a scroll of butterflies
Potions
 d - a potion of lignification {unknown}
 f - a potion of brilliance
 g - a potion of attraction
 i - a potion of invisibility {unknown}
 j - a potion of haste {unknown}
 k - 2 potions of curing
 p - a potion of resistance {unknown}


   Skills:
 + Level 4.4 Fighting
 * Level 6.5 Ranged Weapons
 + Level 1.5 Armour
 - Level 2.1 Dodging
 - Level 0.7 Stealth


You had 4 spell levels left.
You didn't know any spells.
Your spell library contained the following spells:

 Spells                   Type           Power      Damage    Failure   Level
 Sandblast                Erth           0%         2d4       67%         1
 Cigotuvi's Dreadful Rot  Necr/Alch/Air  0%         N/A       80%         2
 Passwall                 Alch/Erth      0%         N/A       80%         2
 Stone Arrow              Conj/Erth      0%         3d7       95%         3
 Brom's Barrelling Bould  Conj/Erth      0%         2d3       100%        4
 Ignite Poison            Fire/Alch      0%         N/A       100%        4
 Freezing Cloud           Conj/Ice/Air   0%         6-21      100%        5


Dungeon Overview and Level Annotations

Branches:
Dungeon (4/15)             Temple (0/1) D:4         Ossuary (1/1)

Altars:
Uskayaw


Innate Abilities, Weirdness & Mutations

You have a pair of horns on your head.
You reflexively headbutt those who attack you in melee.


Message History

The crocodile zombie closely misses you.
You furiously retaliate!
You headbutt the crocodile zombie.
The centaur zombie hits you but does no damage.
The centaur zombie kicks you but does no damage.
You shoot an arrow. The arrow hits the centaur zombie!
The centaur zombie is almost destroyed.
The centaur zombie closely misses you.
The centaur zombie kicks you but does no damage.
The crocodile zombie bites you. The crocodile zombie misses you.
You furiously retaliate!
You headbutt the crocodile zombie! The mummy barely misses you.
The gnoll zombie closely misses you.
You shoot an arrow.
The arrow hits the centaur zombie but does no damage.
The centaur zombie is almost destroyed.
The centaur zombie hits you. The centaur zombie kicks you.
The crocodile zombie bites you.
The crocodile zombie completely misses you.
A gnoll zombie comes into view.
The centaur zombie hits you. The centaur zombie closely misses you.
The gnoll zombie hits you. The mummy barely misses you.
You shoot an arrow. The arrow hits the centaur zombie!
You destroy the centaur zombie!
The centaur zombie barely misses you.
The centaur zombie kicks you but does no damage.
A kobold zombie comes into view.
The crocodile zombie misses you. The crocodile zombie bites you.
The crocodile zombie drags you backwards!
A gnoll zombie comes into view.
The gnoll zombie hits you but does no damage.
The centaur zombie completely misses you.
The centaur zombie barely misses you. The mummy hits you!
* * * LOW HITPOINT WARNING * * *
The crocodile zombie bites you but does no damage.
The gnoll zombie barely misses you.
The centaur zombie hits you but does no damage.
The centaur zombie completely misses you.
The crocodile zombie attacks as it pursues you!
The crocodile zombie misses you. The mummy hits you!
You die...

############.
##........Z.Z.
#..ZMZ.Z......
#...@ZZ..∩....
#.........Z...
##............
############.


You could see a mummy, 2 crocodile zombies, 2 gnoll zombies, 2 kobold zombies
and a centaur zombie.

Vanquished Creatures
  A centaur zombie (Ossuary)
  An iguana (D:4)
  An orc wizard (D:4)
  5 adders
  2 worms (D:2)
  6 orcs (D:3)
  5 bats
  5 endoplasms
  3 giant cockroaches (D:2)
  13 hobgoblins
  A jackal (D:3)
  2 quokkas
  7 ball pythons
  8 goblins
  8 kobolds
  7 rats
75 creatures vanquished.

Notes
Turn   | Place    | Note
-------+----------+-------------------------------------------
     0 | D:1      | porpoise the Minotaur Hunter began the quest for the Orb.
     0 | D:1      | Reached XP level 1. HP: 18/18 MP: 0/0
   205 | D:1      | Reached XP level 2. HP: 21/25 MP: 1/1
   762 | D:2      | Reached skill level 5 in Ranged Weapons
   928 | D:2      | Reached XP level 3. HP: 28/31 MP: 2/2
  1589 | D:3      | Found a hide-covered altar of Uskayaw.
  1650 | D:3      | Reached XP level 4. HP: 40/40 MP: 3/3
  1946 | D:3      | Found a faded altar of an unknown god.
  2123 | D:3      | Reached skill level 6 in Ranged Weapons
  2673 | D:4      | Reached skill level 1 in Armour
  2673 | D:4      | Reached XP level 5. HP: 35/41 MP: 4/4
  2691 | D:4      | Found a sand-covered staircase.
  2792 | Ossuary  | Entered an ossuary
  2805 | Ossuary  | Slain by a mummy

Illustrated notes

Levels and vault maps discovered:
D:1:      lightli_molten_gateway, layout_rooms, minmay_tetromino_s2
D:2:      layout_loops_ring, kennysheep_crisscross, minmay_increasing_density
D:3:      minmay_angry_zag, layout_basic, general_overflow_altar,
          shapermc_ecumenical_altar_mp_urbaneastern
D:4:      layout_loops_cross, minmay_temple_entry_junction_2, enter_ossuary_3,
          serial_glass, glass_columns_a, glass_columns_a, uniq_ijyb
Ossuary:  ossuary_the_hunt_dpeg

Skill      XL: |  1  2  3  4 |
---------------+-------------+-----
Fighting       | 3 4 |  4.4
Ranged Weapons | 5 6 |  6.5
Armour         | 1 |  1.5
Dodging        | |  2.1
Stealth        | |  0.7

Action                     |  1- 3 |  4- 6 || total
---------------------------+-------+-------++-------
  Melee: Shortbow          |       |     3 ||     3
         Headbutt          |       |     1 ||     1
   Fire: Shortbow          |   138 |   107 ||   245
    Use: Scroll            |     3 |     6 ||     9
 Armour: Leather armour    |    28 |     7 ||    35
         Ring mail         |       |    61 ||    61
  Dodge: Dodged            |    38 |    62 ||   100

Table legend: (Time is in decaauts)
 A = Elapsed time spent in this place.
 B = Non-inter-level travel time spent in this place.
 C = Inter-level travel time spent in this place.
 D = Time resting spent in this place.
 E = Time spent auto-exploring this place.
 F = Levels seen in this place.
 G = Mean time per level.
                   A        B        C        D        E       F      G
               +--------+--------+--------+--------+--------+-----+--------+
         Total |   2852 |   2757 |     95 |    375 |   1888 |   5 |  570.4 |
       Dungeon |   2837 |   2742 |     95 |    375 |   1888 |   4 |  709.2 |
       Ossuary |     14 |     14 |      0 |      0 |      0 |   1 |   14.0 |
               +--------+--------+--------+--------+--------+-----+--------+

Top non-repeatable levels by time:
     D:3: 1107 daAuts
     D:2: 906 daAuts
     D:1: 675 daAuts
     D:4: 148 daAuts
 Ossuary: 14 daAuts
